 Dungeon Crawl Stone Soup version 0.30-a0-1114-gd936c97349 (webtiles) character file.

Game seed: 6302245686669743444

527 jasper the Shield-Bearer (level 7, -4/66 HPs)
             Began as a Troll Fighter on Apr 20, 2023.
             Slain by a gnoll
             ... wielding a +1 halberd of flaming
             ... led by a gnoll bouda
              (11 damage)
             ... on level 5 of the Dungeon.
             The game lasted 00:04:39 (3313 turns).

jasper the Shield-Bearer (Troll Fighter)            Turns: 3313, Time: 00:04:39

Health: -4/66      AC:  4    Str: 25    XL:     7   Next: 3%
Magic:  6/6        EV:  8    Int:  6    God:
Gold:   222        SH:  9    Dex:  9    Spells: 6/6 levels left

rFire   . . .      SeeInvis .      - Unarmed
rCold   . . .      Faith    .    b - +1 kite shield
rNeg    . . .      Spirit   .    a - +0 robe
rPois   .          Reflect  .    (helmet restricted)
rElec   .          Rampage  .    (no cloak)
rCorr   .                        (gloves unavailable)
Will    .....                    (boots unavailable)
Stlth   +                        (no amulet)
HPRegen 1.11/turn                g - ring of flight
MPRegen 0.10/turn                (no ring)

@: attractive, flying
A: large, unfitting armour, claws 3, regeneration 1, shaggy fur 1, tough skin 1
a: no special abilities


You were on level 5 of the Dungeon.
You visited 1 branch of the dungeon, and saw 5 of its levels.

You collected 222 gold pieces.

Inventory:

Missiles
 d - 32 stones (quivered)
 k - 3 poisoned darts
Armour
 a - a +0 robe (worn)
 b - a +1 kite shield (worn)
Jewellery
 g - a ring of flight (left claw)
 q - an amulet of faith
Wands
 i - a wand of flame (12)
Scrolls
 c - a scroll of identify
 f - 2 scrolls of summoning
 j - 2 scrolls of silence
 o - a scroll of fog {unknown}
Potions
 e - a potion of invisibility {unknown}
 h - 3 potions of brilliance
 l - a potion of mutation
 m - 2 potions of curing
 n - 2 potions of attraction
 p - a potion of lignification {unknown}
 r - a potion of cancellation {unknown}


   Skills:
 - Level 2.4 Fighting
 - Level 2.4 Dodging
 + Level 5.5 Shields
 + Level 5.5 Unarmed Combat


You had 6 spell levels left.
You didn't know any spells.
Your spell library contained the following spells:

 Spells                   Type           Power      Damage    Failure   Level
 Portal Projectile        Hex/Tloc       0%         N/A       97%         3
 Tukima's Dance           Hex            0%         N/A       97%         3
 Blade Hands              Tmut           0%         N/A       100%        5


Dungeon Overview and Level Annotations

Branches:
Dungeon (5/15)
 Temple: D:4-7

Altars:
Fedhas
Gozag
Kikubaaqudgha
Makhleb
The Shining One

Shops:
D:1 (

Annotations:
D:5 Edmund


Innate Abilities, Weirdness & Mutations

You are too large for most types of armour.
You have claws for hands.
Your natural rate of healing is unusually fast.
You are covered in fur. (AC +1)
You have tough skin. (AC +1)


Message History

The gnoll is no longer moving quickly.
The gnoll hits you from afar with a +0 halberd.
You have reached level 7!
MP restored: 6
Okay, then.
Okay, then.
The gnoll closely misses you. The gnoll hits you with a +0 halberd!
Things that are here:
a +0 club; a +0 robe You take 7 damage, and have 31/66 hp.
You claw the gnoll!
The gnoll is almost dead.
The gnoll hits you from afar with a +1 halberd of flaming!
The gnoll burns you.
* * * LOW HITPOINT WARNING * * *
The gnoll completely misses you.
You take 14 damage, and have 17/66 hp.
MASSIVE DAMAGE!!
You closely miss the gnoll.
The gnoll is almost dead.
The gnoll is no longer moving quickly.
The gnoll hits you from afar with a +1 halberd of flaming.
* * * LOW HITPOINT WARNING * * *
The gnoll burns you.
* * * LOW HITPOINT WARNING * * *
The gnoll barely misses you.
You take 3 damage, and have 14/66 hp.
You scratch the gnoll.
The gnoll is almost dead.
The gnoll closely misses you. The gnoll hits you with a +0 halberd!
* * * LOW HITPOINT WARNING * * *
You take 8 damage, and have 6/66 hp.
It was a potion of curing.
You feel better.
The gnoll is no longer moving quickly.
You block the gnoll's attack. The gnoll hits you with a +0 halberd!
* * * LOW HITPOINT WARNING * * *
It was a potion of attraction.
You feel attractive to monsters.
The gnoll is no longer moving quickly.
The gnoll hits you from afar with a +1 halberd of flaming!
You die...

#. #......... #.
#.......<. #.
#......... ###.#
##........ ..@###
...####...
############# #...
##........# #... #.#
#.# #... #@# #.#
#... #g# #.### #...
#g# #.#.#######
####g### #.#........
#..gg..# #.#.#######
+g.....####<#.# #...
###.##...........#.#
#...
#............#..##.#
#...
#...#..............#
#...


You could see Edmund and 5 gnolls.

Vanquished Creatures
  An ogre (D:4)
  A phantom (D:5)
  A scorpion (D:5)
  2 hounds (D:4)
  A gnoll bouda (D:5)
  An orc priest (D:5)
  An iguana (D:4)
  An orc wizard (D:3)
  A gnoll (D:1)
  4 adders
  An ufetubus (D:3)
  3 worms
  2 dart slugs
  9 orcs
  6 endoplasms
  A giant cockroach (D:2)
  9 goblins
  2 hobgoblins (D:3)
  8 kobolds
  4 quokkas (D:1)
  6 ball pythons
  8 bats
  A frilled lizard (D:3)
  A rat (D:1)
75 creatures vanquished.

Vanquished Creatures (others)
  17 plants (D:3)
17 creatures vanquished.

Grand Total: 92 creatures vanquished

Notes
Turn   | Place    | Note
-------+----------+-------------------------------------------
     0 | D:1      | jasper the Troll Fighter began the quest for the Orb.
     0 | D:1      | Reached XP level 1. HP: 22/22 MP: 0/0
   360 | D:1      | Reached XP level 2. HP: 29/29 MP: 1/1
   548 | D:1      | Reached XP level 3. HP: 27/36 MP: 2/2
   574 | D:1      | Found Xamurum's Antique Weapon Shop.
  1379 | D:2      | Reached XP level 4. HP: 44/44 MP: 3/3
  1896 | D:3      | Found an ancient bone altar of Kikubaaqudgha.
  1896 | D:3      | Found a blossoming altar of Fedhas.
  2258 | D:3      | Reached XP level 5. HP: 43/50 MP: 4/4
  2784 | D:4      | Found a glowing golden altar of the Shining One.
  2799 | D:4      | Found an opulent altar of Gozag.
  2802 | D:4      | Found a burning altar of Makhleb.
  2818 | D:4      | Noticed an ogre
  2824 | D:4      | Killed an ogre
  2825 | D:4      | Reached XP level 6. HP: 59/59 MP: 5/5
  2853 | D:4      | You fall into a shaft and drop 1 floor!
  2853 | D:5      | Entered Level 5 of the Dungeon
  2947 | D:5      | Reached skill level 5 in Shields
  2947 | D:5      | Reached skill level 5 in Unarmed Combat
  3303 | D:5      | Noticed Edmund
  3308 | D:5      | Reached XP level 7. HP: 38/66 MP: 6/6
  3313 | D:5      | Slain by a gnoll

Illustrated notes

Levels and vault maps discovered:
D:1:      minmay_arrival_wavy_path, layout_basic, serial_shops, shop
D:2:      minmay_kobold_bridge, layout_loops_corners
D:3:      layout_loops_ring, grunt_temple_overflow_growth_and_decay,
          serial_bayou_ford_a
D:4:      kennysheep_spiral_hall, layout_loops_ring,
          nemelex_xobeh_ov_fountains_minmay, kb_xom_exploding_sheep,
          grunt_temple_overflow_cloverleaf, serial_shops, shop
D:5:      layout_basic, mainiacjoe_overflow_boulevard, serial_co_window_serial,
          co_window_paths_b, co_window_cross_1, co_window_of_opportunity_a,
          co_window_paths_a, co_window_corner_a, co_window_unsneaky_path_b,
          co_window_corner_b, co_window_2corner, co_window_corner_ca,
          co_window_2corner, glass_columns_a, glass_columns_c, uniq_edmund

Skill      XL: |  1  2  3  4  5  6 |
---------------+-------------------+-----
Shields        | 3 4 5 |  5.5
Unarmed Combat | 3 4 5 |  5.5
Fighting       | |  2.4
Dodging        | |  2.4

Action                     |  1- 3 |  4- 6 |  7- 9 || total
---------------------------+-------+-------+-------++-------
  Melee: Unarmed           |    86 |   121 |     3 ||   210
  Throw: Stone             |       |     3 |       ||     3
  Evoke: Wand              |       |     5 |       ||     5
    Use: Scroll            |     2 |     7 |       ||     9
         Potion            |       |     1 |     2 ||     3
   Stab: Sleeping          |     1 |     1 |       ||     2
 Armour: Robe              |    32 |    24 |       ||    56
  Dodge: Dodged            |    23 |    36 |     4 ||    63
  Block: Kite shield       |    32 |    51 |     1 ||    84

Table legend: (Time is in decaauts)
 A = Elapsed time spent in this place.
 B = Non-inter-level travel time spent in this place.
 C = Inter-level travel time spent in this place.
 D = Time resting spent in this place.
 E = Time spent auto-exploring this place.
 F = Levels seen in this place.
 G = Mean time per level.
                   A        B        C        D        E       F      G
               +--------+--------+--------+--------+--------+-----+--------+
         Total |   3328 |   3264 |     64 |    148 |   2449 |   5 |  665.6 |
       Dungeon |   3328 |   3264 |     64 |    148 |   2449 |   5 |  665.6 |
               +--------+--------+--------+--------+--------+-----+--------+

Top non-repeatable levels by time:
     D:3: 938 daAuts
     D:1: 912 daAuts
     D:2: 852 daAuts
     D:5: 411 daAuts
     D:4: 213 daAuts
